 Dungeon Crawl Stone Soup version 0.28-a0-834-g1a73be5ee4 (webtiles) character file.

Game seed: 13890220365280365822

17530 willcat the Covert (level 11, -1/74 HPs)
             Began as a Demigod Enchanter on Nov 11, 2021.
             Slain by a two-headed ogre (27 damage)
             ... on level 11 of the Dungeon.
             The game lasted 00:28:07 (21134 turns).

willcat the Covert (Demigod Enchanter)             Turns: 21134, Time: 00:28:08

Health: -1/74      AC: 13    Str: 13    XL:     11   Next: 92%
Magic:  24/26      EV: 13    Int: 25    God:
Gold:   797        SH:  0    Dex: 14    Spells: 17/25 levels left

rFire   . . .      SeeInvis .   v - +5 quick blade (freeze)
rCold   . . .      Faith    .   (no shield)
rNeg    . . .      Spirit   .   C - +1 steam dragon scales
rPois   .          Reflect  .   B - +2 hat
rElec   .          Harm     .   x - +0 cloak
rCorr   +          Rampage  .   n - +0 pair of gloves
Will    ++...                   j - +2 pair of boots
Stlth   ++++......              y - amulet of magic regeneration
HPRegen 0.22/turn               z - ring of resist corrosion
MPRegen 0.45/turn               t - ring of willpower

@: no status effects
A: high mp 1, forlorn
a: no special abilities


You were on level 11 of the Dungeon.
You visited 2 branches of the dungeon, and saw 14 of its levels.

You collected 797 gold pieces.

Inventory:

Hand Weapons
 v - a +5 quick blade of freezing (weapon)
Missiles
 g - 65 poisoned darts (quivered)
Armour
 c - a +2 robe of positive energy
 j - a +2 pair of boots (worn)
 m - +0 acid dragon scales
 n - a +0 pair of gloves (worn)
 x - a +0 cloak (worn)
 B - a +2 hat (worn)
 C - +1 steam dragon scales (worn)
Jewellery
 f - a ring of fire
 i - a ring of positive energy
 q - a +6 ring of intelligence
 t - a ring of willpower (right hand)
 y - an amulet of magic regeneration (around neck)
 z - a ring of resist corrosion (left hand)
Wands
 l - a wand of iceblast (13)
 o - a wand of acid (3)
 w - a wand of paralysis (6)
 A - a wand of mindburst (12)
Scrolls
 h - 4 scrolls of fog
 s - 3 scrolls of magic mapping
Potions
 a - 7 potions of ambrosia
 b - a potion of magic {unknown}
 d - 5 potions of haste
 e - 2 potions of heal wounds {unknown}
 k - 2 potions of attraction {unknown}
 p - a potion of degeneration {unknown}
 r - a potion of might {unknown}
 u - a potion of flight
 E - a potion of curing
 F - a potion of mutation {unknown}


   Skills:
 + Level 8.3 Short Blades
 + Level 0.8 Armour
 - Level 3.6 Dodging
 + Level 9.5 Stealth
 + Level 7.8 Spellcasting
 + Level 3.9 Conjurations
 - Level 7.6 Hexes
 - Level 6.8 Ice Magic
 - Level 3.5 Evocations


You had 17 spell levels left.
You knew the following spells:

 Your Spells              Type           Power      Damage    Failure   Level
a - Ensorcelled Hibernat  Hex/Ice        92%        N/A       1%          2
b - Dazzling Flash        Conj/Hex       76%        N/A       1%          3
c - Confusing Touch       Hex            48%        N/A       1%          3

Your spell library contained the following spells:

 Spells                   Type           Power      Damage    Failure   Level
 Tukima's Dance           Hex            48%        N/A       1%          3
 Shock                    Conj/Air       76%        1d7       2%          1
 Summon Guardian Golem    Hex/Summ       28%        N/A       3%          3
 Apportation              Tloc           18%        N/A       6%          1
 Passwall                 Tmut/Erth      7%         N/A       10%         2
 Gell's Gravitas          Tloc           9%         N/A       19%         3
 Swiftness                Air            9%         N/A       19%         3
 Teleport Other           Tloc           9%         N/A       19%         3
 Silence                  Hex/Air        14%        N/A       34%         5
 Airstrike                Air            4%         N/A       52%         4
 Irradiate                Conj/Tmut      9%         3d17      61%         5
 Agony                    Necr           9%         N/A       86%         5
 Alistair's Intoxication  Tmut/Pois      6%         N/A       86%         5
 Blade Hands              Tmut           4%         N/A       86%         5
 Dispersal                Tloc           4%         N/A       100%        6
 Dragon Form              Tmut           4%         N/A       100%        7
 Orb of Destruction       Conj           14%        9d7       100%        7
 Spellforged Servitor     Conj/Summ      9%         N/A       100%        7


Dungeon Overview and Level Annotations

Branches:
Dungeon (11/15)            Temple (0/1) D:4            Lair (3/6) D:8
  Swamp: Lair:2-4    Shoals: Lair:2-4     Snake: Lair:2-4    Spider: Lair:2-4
    Orc: D:9-12

Shops:
D:1 =   D:2 (   D:5 *

Annotations:
D:9 exclusion: obsidian statue


Innate Abilities, Weirdness & Mutations

Your attributes grow dramatically as you level up.
You have an increased reservoir of magic. (+10% MP)
You shall have no god before yourself.


Message History

A two-headed ogre comes into view. It is wielding two +0 giant clubs.
A two-headed ogre is nearby!
A two-headed ogre is nearby!
A two-headed ogre is nearby!
A shadow comes into view.
The shadow slips into darkness.
The shadow flickers and vanishes!
Deactivating autopickup; reactivate with Ctrl-A.
The shadow strikes at you from the darkness!
Reactivating autopickup.
Casting: Ensorcelled Hibernation (safe; 1% risk of failure)
Confirm with . or Enter, or press ? or * to list all spells.
Your hands begin to glow red.
The shadow hits you.
You hit the shadow but do no damage.
The shadow appears confused.
You hit the shadow.
The shadow is lightly damaged.
You barely miss the shadow.
The shadow is lightly damaged.
The shadow closely misses the two-headed ogre.
You puncture the shadow!
The shadow is moderately damaged.
You hit the shadow.
The shadow is moderately damaged.
You hit the shadow.
The shadow is heavily damaged.
You hit the shadow but do no damage.
The shadow is heavily damaged.
The shadow barely misses you.
You catch the helpless shadow completely off-guard!
You impale the shadow!!
You destroy the shadow!
Casting: Confusing Touch (safe; 1% risk of failure)
Confirm with . or Enter, or press ? or * to list all spells.
Aiming: Ensorcelled Hibernation (safe; 1% risk of failure)
Press: ? - help, Shift-Dir - straight line, f - two-headed ogre
Aim: a two-headed ogre, wielding two +0 giant clubs (chance to affect: 53%)
The two-headed ogre resists with some effort.
The two-headed ogre hits you with a +0 giant club!
The two-headed ogre hits you with a +0 giant club!!
You die...

.#.######.###.#
..............####
.#.######.###)##.#
.#.#......# #)##.#
.#......#####.##.##
.....#.##...).....#
.....#.###.##.##.##
.#.###.# #.##.##.#
.#.###.# #.#####@#
.#.#...# #.# #O#
.#.#.### #.# #.#
.#.#...# #.# ###.##
.#...### #.# #....#
.#.#.#####.# #.####
...........# #.#
..........## #.#
........#.# #.#


You could see a two-headed ogre.

Vanquished Creatures
  Erolcha (D:11)
  A hydra (Lair:1)
  Pikel (D:8)
  Maurice (D:8)
  A black mamba (Lair:2)
  A gargoyle (D:8)
  2 unseen horrors
  6 cane toads
  4 komodo dragons
  A troll (D:10)
  A queen bee (Lair:2)
  A hornet (D:9)
  5 blink frogs (Lair:2)
  A polar bear (Lair:1)
  Prince Ribbit (D:8)
  3 shadows
  16 yaks
  A wraith (D:10)
  Sigmund (D:6)
  3 wyverns (D:8)
  4 vampire mosquitoes
  3 basilisks
  A steam dragon (D:8)
  An acid dragon (D:9)
  3 water moccasins
  2 ice beasts
  3 sky beasts (D:6)
  6 necrophages
  5 ogres
  3 centaurs
  4 lemures (D:8)
  Blork the orc (D:5)
  A kobold brigand (D:5)
  10 bullfrogs
  A wyvern skeleton (D:6)
  23 killer bees
  A water moccasin skeleton (D:5)
  11 wights
  A howler monkey (D:9)
  A centaur zombie (D:9)
  6 hounds
  A gnoll shaman (D:7)
  2 bullfrog skeletons
  2 orc priests
  4 iguanas
  8 orc wizards
  A killer bee zombie (D:6)
  2 howler monkey zombies
  5 gnolls (D:7)
  7 adders
  2 shadow imps
  A white imp (D:7)
  An ufetubus (D:5)
  A worm (D:3)
  4 dart slugs
  22 orcs
  10 ball pythons
  5 endoplasms
  2 giant cockroaches
  4 goblins
  9 hobgoblins
  7 jackals
  10 kobolds
  2 quokkas
  3 bats
  A frilled lizard (D:1)
  9 rats
268 creatures vanquished.

Vanquished Creatures (others)
  A quokka (D:6)
  32 fungi
  3 plants
36 creatures vanquished.

Grand Total: 304 creatures vanquished

Notes
Turn   | Place    | Note
-------+----------+-------------------------------------------
     0 | D:1      | willcat the Demigod Enchanter began the quest for the Orb.
     0 | D:1      | Reached XP level 1. HP: 14/14 MP: 5/5
   169 | D:1      | Reached skill level 1 in Short Blades
  1354 | D:1      | Reached XP level 2. HP: 18/20 MP: 7/7
  1363 | D:1      | Learned a level 2 spell: Ensorcelled Hibernation
  1735 | D:1      | HP: 1/20 [frozen (4)]
  2065 | D:1      | Found Fyvaol's Jewellery Emporium.
  2629 | D:2      | Reached skill level 3 in Stealth
  2629 | D:2      | Reached XP level 3. HP: 19/26 MP: 3/8
  2794 | D:2      | Learned a level 3 spell: Dazzling Flash
  3523 | D:2      | Found Alearuwe's Weapon Emporium.
  4899 | D:3      | Reached skill level 1 in Ice Magic
  4899 | D:3      | Reached XP level 4. HP: 29/33 MP: 5/10
  5339 | D:4      | Reached XP level 5. HP: 38/38 MP: 11/11
  5439 | D:4      | Found a staircase to the Ecumenical Temple.
  5790 | D:4      | Noticed an ogre
  5843 | D:4      | Killed an ogre
  5844 | D:4      | Reached XP level 6. HP: 34/45 MP: 6/13
  5945 | D:4      | Reached skill level 4 in Stealth
  6297 | D:5      | Entered Level 5 of the Dungeon
  6869 | D:5      | Reached XP level 7. HP: 50/50 MP: 15/15
  6995 | D:5      | Found Wip Fih's Assorted Antiques.
  7400 | D:5      | Noticed Blork the orc
  7413 | D:5      | Killed Blork the orc
  7902 | D:5      | Reached skill level 5 in Stealth
  8503 | D:6      | Reached XP level 8. HP: 45/57 MP: 17/17
  8585 | D:6      | Reached skill level 5 in Hexes
  8916 | D:6      | Noticed Sigmund
  8922 | D:6      | Killed Sigmund
  9693 | D:7      | Learned a level 3 spell: Confusing Touch
  9701 | D:7      | Reached skill level 6 in Stealth
 10637 | D:8      | Noticed Maurice
 10807 | D:8      | Killed Maurice
 10808 | D:8      | Reached skill level 5 in Short Blades
 10808 | D:8      | Reached skill level 5 in Spellcasting
 10808 | D:8      | Reached XP level 9. HP: 48/62 MP: 13/20
 11233 | D:8      | Reached skill level 5 in Ice Magic
 11648 | D:8      | Noticed Pikel
 11801 | D:8      | Killed Pikel
 11955 | D:8      | Noticed a gargoyle
 11963 | D:8      | Killed a gargoyle
 11964 | D:8      | Reached skill level 7 in Stealth
 12273 | D:8      | Noticed a komodo dragon
 12278 | D:8      | Killed a komodo dragon
 12290 | D:8      | Noticed a komodo dragon
 12301 | D:8      | Killed a komodo dragon
 12302 | D:8      | Reached XP level 10. HP: 15/69 MP: 18/22
 12302 | D:8      | HP: 3/69 [basilisk (12)]
 12736 | D:8      | Noticed Prince Ribbit
 12757 | D:8      | Killed Prince Ribbit
 13300 | D:8      | Found a staircase to the Lair.
 13380 | Lair:1   | Entered Level 1 of the Lair of Beasts
 13871 | Lair:1   | Reached skill level 8 in Stealth
 14065 | Lair:1   | Noticed an eight-headed hydra
 14354 | Lair:1   | Killed an eight-headed hydra
 14734 | Lair:1   | Reached XP level 11. HP: 74/74 MP: 25/25
 15296 | Lair:2   | Reached skill level 1 in Evocations
 15512 | Lair:1   | Reached skill level 1 in Conjurations
 16602 | Lair:2   | Noticed an eight-headed hydra
 17245 | D:8      | Identified a scroll of acquirement
 17245 | D:8      | Acquired a +4 quick blade
 17316 | Lair:3   | Reached skill level 9 in Stealth
 17458 | Lair:3   | Noticed a death yak
 17459 | Lair:3   | Noticed a death yak
 17460 | Lair:3   | Noticed a death yak
 17463 | Lair:3   | Noticed a death yak
 18183 | D:9      | Noticed an obsidian statue
 19325 | D:10     | Entered Level 10 of the Dungeon
 21066 | D:11     | Noticed Erolcha
 21083 | D:11     | Killed Erolcha
 21091 | D:11     | Noticed a two-headed ogre
 21134 | D:11     | Slain by a two-headed ogre

Illustrated notes

Levels and vault maps discovered:
D:1:      mainiacjoe_arrival_reflecting_pool, layout_loops_corners,
          serial_shops, shop_statue, st_stairs_9
D:2:      layout_basic, serial_shops, shop
D:3:      layout_loops_ring, mainiacjoe_overflow_six_doors_small,
          mainiacjoe_overflow_small_starburst, shapermc_ecumenical_altar_pompeii
D:4:      kennysheep_big_flooded_room, layout_basic, grunt_qazlal_clouds,
          minmay_temple_entry_offerings
D:5:      layout_loops_ring, nemelex_diamond_rough_becter, serial_shops,
          nicolae_shop_crystal, uniq_blork_the_orc
D:6:      layout_basic, elyvilon_altar_4, uniq_sigmund
D:7:      layout_layer_cave, hangedman_ru_absence, lightli_temple_of_fire,
          general_overflow_altar
D:8:      layout_rooms, grunt_temple_overflow_gold_and_silver,
          mainiacjoe_overflow_chevrons, erik_lair_dragon, uniq_maurice,
          uniq_pikel, uniq_prince_ribbit1
D:9:      layout_basic, minivault_16, mrwooster_statue_mirror
D:10:     layout_big_octagon, mainiacjoe_overflow_large_starburst
D:11:     layout_basic, erik_orc_1, lightli_fourway_metalbox, uniq_erolcha,
          uniq_grum
Lair:1:   layout_cave_pods, grunt_megastairs_1
Lair:2:   layout_roguey [special_room_bee], grunt_megastairs_3
Lair:3:   layout_cellular_growth, portal_ice_cave_entry_pillars_2,
          roderic_carrion_pond, infiniplex_staircase_pool_2

Skill      XL: |  1  2  3  4  5  6  7  8  9 10 11 |
---------------+----------------------------------+-----
Short Blades   | 1 2 3 5 6 7 8 |  8.3
Dodging        | 2 3 |  3.6
Spellcasting   | 2 3 4 5 6 7 |  7.8
Stealth        | 3 4 5 6 7 8 9 |  9.5
Hexes          | 3 4 5 6 7 |  7.6
Ice Magic      | 1 2 3 4 5 6 |  6.8
Evocations     | 3 |  3.5
Conjurations   | 3 |  3.9
Armour         | |  0.8

Action                   |  1- 3 |  4- 6 |  7- 9 | 10-12 || total
-------------------------+-------+-------+-------+-------++-------
Melee: Dagger            |   230 |   124 |   297 |   201 ||   852
       Quick blade       |       |       |       |   232 ||   232
 Cast: Ensorcelled Hiber |    13 |    11 |    32 |    61 ||   117
       Dazzling Flash    |       |       |     8 |    19 ||    27
       Confusing Touch   |       |       |    15 |    21 ||    36
Evoke: Wand              |       |     2 |     3 |    23 ||    28
  Use: Potion            |     3 |     1 |     1 |     4 ||     9
       Scroll            |     1 |       |    12 |    10 ||    23
 Stab: Sleeping          |    16 |     6 |    24 |    39 ||    85
       Invisible         |     1 |       |     5 |     7 ||    13
       Confused          |       |       |    15 |    16 ||    31
       Distracted        |       |       |       |     2 ||     2
Armor: Robe              |    44 |    35 |    50 |   137 ||   266
       Steam dragon scal |       |       |       |     1 ||     1
Dodge: Dodged            |   132 |    72 |   175 |   212 ||   591

Table legend: (Time is in decaauts)
 A = Elapsed time spent in this place.
 B = Non-inter-level travel time spent in this place.
 C = Inter-level travel time spent in this place.
 D = Time resting spent in this place.
 E = Time spent auto-exploring this place.
 F = Levels seen in this place.
 G = Mean time per level.
                   A        B        C        D        E       F      G
               +--------+--------+--------+--------+--------+-----+--------+
         Total |  20800 |  20222 |    578 |   5886 |  10897 |  14 | 1485.7 |
       Dungeon |  16273 |  15827 |    446 |   3728 |   9422 |  11 | 1479.4 |
          Lair |   4526 |   4394 |    132 |   2158 |   1475 |   3 | 1508.7 |
               +--------+--------+--------+--------+--------+-----+--------+

Top non-repeatable levels by time:
  Lair:1: 2613 daAuts
     D:1: 2437 daAuts
     D:8: 2169 daAuts
     D:7: 1893 daAuts
     D:9: 1880 daAuts
     D:2: 1849 daAuts
  Lair:2: 1748 daAuts
     D:5: 1671 daAuts
     D:4: 1201 daAuts
     D:6: 1133 daAuts
     D:3: 1017 daAuts
    D:10: 824 daAuts
    D:11: 195 daAuts
  Lair:3: 164 daAuts
